 Dungeon Crawl Stone Soup version 0.18-a0-943-g2c08dd4 (webtiles) character file.

1086 filipzpl the Fighter (level 8, 4/54 HPs)
             Began as a Gargoyle Berserker on Dec 28, 2015.
             Was a Priest of Trog.
             Starved to death
             ... on level 5 of the Dungeon.
             The game lasted 00:11:10 (4701 turns).

filipzpl the Fighter (Gargoyle Berserker)           Turns: 4701, Time: 00:11:10

Health: 4/54       AC:  9    Str: 23    XL:     8   Next: 30%
Magic:  8/8        EV: 12    Int: 10    God:    Trog [***...]
Gold:   263        SH:  3    Dex:  9    Spells: 0 memorised, 7 levels left

rFire  . . .     SeeInvis .     a - +1 mace
rCold  . . .     Gourm    .     b - +0 animal skin
rNeg   + . .     Faith    .     (no shield)
rPois  ∞         Spirit   .     (no helmet)
rElec  +         Dismiss  .     (no cloak)
rCorr  .         Reflect  +     (no gloves)
SustAt .         Harm     .     h - +1 pair of boots
MR     .....                    j - +3 amulet of reflection
Stlth  +.........               (no ring)
                                o - +2 ring of intelligence

@: exhausted, very slightly contaminated, fainting, invisible, not resistant to
hostile enchantments, very unstealthy
A: negative energy resistance 1, electricity resistance, unbreathing,
petrification resistance, rot immunity, AC +5
a: Berserk, Trog's Hand, Burn Spellbooks, Renounce Religion


You were on level 5 of the Dungeon.
You worshipped Trog.
Trog was most pleased with you.
You were fainting.

You visited 1 branch of the dungeon, and saw 5 of its levels.

You collected 263 gold pieces.

Inventory:

Hand Weapons
 a - a +1 mace (weapon)
Armour
 b - a +0 animal skin (worn)
 h - a +1 pair of boots (worn)
Jewellery
 j - a +3 amulet of reflection (around neck)
 o - a +2 ring of intelligence (left hand)
Wands
 e - a wand of teleportation (6/9)
Scrolls
 d - a scroll of identify
 f - a scroll of enchant armour
 g - a scroll of blinking
 i - 3 scrolls of remove curse
 k - a scroll of enchant weapon
Potions
 p - 2 potions of cancellation
 r - 2 potions of lignification {unknown}
 s - a potion of haste
Comestibles
 c - 2 bread rations


   Skills:
 * Level 8.1 Fighting
 * Level 7.3 Maces & Flails
 - Level 2.1 Armour
 - Level 1.5 Dodging


You had 7 spell levels left.
You didn't know any spells.

Dungeon Overview and Level Annotations

Branches:
Dungeon (5/15)
 Temple: D:4-7

Altars:
Ashenzari
Elyvilon
Gozag
Ru


Innate Abilities, Weirdness & Mutations

You are resistant to torment.
Your stone body is resilient (AC +5).
You are immune to poison.
You resist negative energy.
You are resistant to electric shocks.
You can survive without breathing.
You are immune to petrification.
You are immune to rotting.


Message History

The hungry ghost hits you.
You feel slightly more hungry. You block the hungry ghost's attack.
The phantom hits you but does no damage.
The hungry ghost hits you.
* * * LOW HITPOINT WARNING * * *
You feel slightly more hungry.
The phantom hits you but does no damage.
The hungry ghost barely misses you. The phantom closely misses you.
The hungry ghost barely misses you. The hungry ghost hits you.
You feel slightly more hungry.
The phantom hits you but does no damage.
There is a stone staircase leading down here.
You feel yourself speed up. The hungry ghost hits you.
* * * LOW HITPOINT WARNING * * *
You feel slightly more hungry.
You see here an orange potion.
You have starved to death.
You die...

..................#
...!..............#
...........o......#
.....?.>o..[......#
............!.........#
#...........[Z.........#
#............WW........#
#.(..$................#
####............@.......#
......##..##.#..#....#...#
.......................#...
...†.†......$.........#####
........................
.........................
.....)...................
.............()......?..
#####..#.......).......


You could see a phantom, a hungry ghost, 2 orc priests and a quokka zombie.

Vanquished Creatures
  Grinder (D:4)
  Sigmund (D:4)
  Edmund (D:5)
  Menkaure (D:5)
  A scorpion (D:5)
  A giant frog skeleton (D:5)
  2 orc wizards (D:4)
  Crazy Yiuf (D:2)
  A centaur skeleton (D:4)
  An iguana (D:4)
  Ijyb (D:1)
  Natasha (thrice) (D:4 D:5)
  A worker ant (D:5)
  A hound skeleton (D:3)
  Robin (D:2)
  7 adders
  An adder skeleton (D:4)
  2 worms (D:2)
  7 orcs
  5 giant cockroaches
  8 goblins
  8 hobgoblins
  7 jackals
  8 kobolds
  A quokka (D:5)
  2 ball pythons (D:4)
  8 bats
  A giant gecko skeleton (D:4)
  8 giant newts
  15 rats
106 creatures vanquished.

Notes
Turn   | Place    | Note
--------------------------------------------------------------
     0 | D:1      | filipzpl the Gargoyle Berserker began the quest for the Orb.
     0 | D:1      | Reached XP level 1. HP: 14/14 MP: 1/1
   241 | D:1      | Reached XP level 2. HP: 9/19 MP: 2/2
  1226 | D:2      | Reached XP level 3. HP: 23/23 MP: 3/3
  1259 | D:2      | Reached ** piety under Trog
  1269 | D:2      | Noticed Ijyb
  1270 | D:2      | Reached skill level 4 in Fighting
  1370 | D:1      | Killed Ijyb
  1370 | D:1      | Reached XP level 4. HP: 4/29 MP: 4/4
  2002 | D:2      | Found a sacrificial altar of Ru.
  2003 | D:2      | Noticed Robin
  2026 | D:2      | Killed Robin
  2026 | D:2      | Reached XP level 5. HP: 12/34 MP: 5/5
  2218 | D:2      | Found an opulent altar of Gozag.
  2218 | D:2      | Found a shattered altar of Ashenzari.
  2324 | D:2      | Noticed Crazy Yiuf
  2333 | D:2      | Killed Crazy Yiuf
  2333 | D:2      | Reached skill level 5 in Fighting
  2765 | D:3      | Reached skill level 5 in Maces & Flails
  3031 | D:4      | Noticed Grinder
  3040 | D:4      | Paralysed by Grinder for 2 turns
  3076 | D:4      | Paralysed by Grinder for 2 turns
  3225 | D:4      | Paralysed by Grinder for 7 turns
  3272 | D:4      | Killed Grinder
  3272 | D:4      | Reached skill level 6 in Fighting
  3272 | D:4      | Reached XP level 6. HP: 22/41 MP: 6/6
  3571 | D:4      | Noticed Sigmund
  3579 | D:4      | Killed Sigmund
  3579 | D:4      | Reached XP level 7. HP: 47/47 MP: 7/7
  3650 | D:4      | Noticed Natasha
  3657 | D:4      | Killed Natasha
  3720 | D:4      | Reached *** piety under Trog
  3746 | D:4      | Found a white marble altar of Elyvilon.
  3881 | D:4      | Noticed Natasha
  3889 | D:4      | Killed Natasha
  3939 | D:4      | Reached skill level 7 in Fighting
  4373 | D:5      | Entered Level 5 of the Dungeon
  4374 | D:5      | Noticed Menkaure
  4387 | D:5      | Killed Menkaure
  4396 | D:5      | Reached XP level 8. HP: 15/53 MP: 8/8
  4643 | D:5      | Noticed Natasha
  4652 | D:5      | Noticed Edmund
  4657 | D:5      | Killed Natasha
  4673 | D:5      | Killed Edmund
  4673 | D:5      | Reached skill level 8 in Fighting
  4701 | D:5      | Starved to death

Vault maps used:
D:1:      dpeg_arrival_subterranean_lakeside_camping, roderic_serpentine_path
D:2:      nicolae_overflow_hidden_temple, gammafunk_temple_overflow_statue,
          nicolae_ru_sacrificial_ziggurat, uniq_iyjb, uniq_robin,
          uniq_crazy_yiuf_cottage
D:3:      minmay_strange_pillars
D:4:      elyvilon_altar_3, minmay_tree_intersection, minivault_4,
          columned_hall_lemuel, uniq_grinder, uniq_natasha, uniq_sigmund
D:5:      makhleb_altar_promises_db, okawaru_ov_weapons_minmay, first_bread,
          uniq_edmund, uniq_menkaure

Action                   |  1- 3 |  4- 6 |  7- 9 || total
-------------------------+-------+-------+-------++-------
Melee: Mace              |   114 |   181 |   116 ||   411
Invok: Berserk           |     1 |     4 |     3 ||     8
  Use: Scroll            |     1 |     3 |    10 ||    14
       Potion            |       |       |     1 ||     1
 Stab: Sleeping          |     2 |       |       ||     2
  Eat: Chunk             |     1 |     8 |     3 ||    12
       Meat ration       |       |     1 |       ||     1
       Bread ration      |       |       |     1 ||     1
